AoeStats
← Lord George V

Arabia

503663801Analyzed
1v1 RM · 9d ago on Sep 1, 2026· 29m 25s· 2 players
Game mode
Random Map
Map size
Tiny (2 player)
Population
200
Speed
Normal
Resources
Standard
Victory
Conquest
Starting age
Dark Age
Ending age
Imperial Age
RankedLock teamsTeams togetherTeam positionsShared explorationLock speedFull tech treeHidden civsTurbo modeCheats
Victory
Defeat
🇨🇿 Spanish · Czechia
1030
+17
🇹🇷 Bulgarians · Türkiye
1057
-17
Lord George V
10:53 Feudal Age
11:51 Loom
17:06 Castle Age
24:46 Padded Archer Armor
32:32 Imperial Age
celik29
12:12 Feudal Age
12:38 Double-Bit Axe
16:59 Horse Collar
18:05 Wheelbarrow
20:44 Castle Age
20:11 Scale Mail Armor
20:21 Forging
21:51 Squires
21:12 Pikeman
25:25 Scale Barding Armor
Connection lost

Rejoining the realm…

Still unreachable

The connection could not be restored.

Session expired

The server has moved on; the page needs a fresh start.